 Dungeon Crawl Stone Soup version 0.19-a0-1187-g948eaf9 (webtiles) character file.

1354 AlphabetPasta the Ruffian (level 1, 0/33 HPs)
             Began as a Troll Monk on Aug 22, 2016.
             Was an Elder of Trog.
             Slain by a gnoll
             ... wielding a +0 club
              (8 damage)
             ... in an ice cave.
             The game lasted 00:31:54 (6674 turns).

AlphabetPasta the Ruffian (Troll Monk)              Turns: 6674, Time: 00:31:55

Health: 0/33       AC:  6    Str: 23    XL:     1   Next: 0%
Magic:  0/0        EV: 10    Int:  6    God:    Trog [****..]
Gold:   429        SH:  0    Dex: 12    Spells: 0 memorised, 0 levels left

rFire  . . .     SeeInvis .       - Unarmed
rCold  . . .     Gourm    +     a - +1 robe
rNeg   . . .     Faith    .     (no shield)
rPois  .         Spirit   .     (helmet restricted)
rElec  .         Dismiss  .     (no cloak)
rCorr  .         Reflect  .     (gloves unavailable)
SustAt .         Harm     .     (boots unavailable)
MR     .....                    (no amulet)
Stlth  ..........               (no ring)
                                (no ring)

@: berserking (expiring), lethally poisoned (0 -> 0), very quick
A: unfitting armour, claws 3, fast metabolism 3, gourmand, regeneration 2,
shaggy fur 1, tough skin 2
a: Berserk, Trog's Hand, Brothers in Arms, Burn Spellbooks, Renounce Religion


You were in an ice cave.
You worshipped Trog.
Trog was greatly pleased with you.
You were completely stuffed.

You visited 3 branches of the dungeon, and saw 11 of its levels.
You also visited: Ice Cave.

You collected 429 gold pieces.

Inventory:

Missiles
 d - 2 tomahawks
 p - 4 javelins (quivered)
Armour
 a - a +1 robe (worn)
Wands
 s - a wand of hasting (2/9)
Scrolls
 h - 3 scrolls of remove curse
 n - 3 scrolls of teleportation
 x - a scroll of enchant weapon
Potions
 e - 4 potions of curing
 f - a potion of magic
 g - a potion of cancellation {unknown}
 i - a potion of agility
 j - a potion of beneficial mutation {unknown}
 k - 2 potions of ambrosia {unknown}
 m - 2 potions of lignification {unknown}
 q - a potion of berserk rage {unknown}
 t - a potion of invisibility {unknown}
 u - a potion of might {unknown}
 v - a potion of cure mutation {unknown}
 z - a potion of brilliance {unknown}
 A - a potion of haste
Comestibles
 b - 4 bread rations
 c - 8 chunks of flesh
 l - 6 meat rations
 o - 2 beef jerkies
 r - a slice of pizza
 w - 3 fruits


   Skills:
 + Level 2.4 Fighting
 + Level 2.4 Dodging
 + Level 1.1 Stealth
 + Level 3.0 Unarmed Combat


You couldn't memorise any spells.
You didn't know any spells.

Dungeon Overview and Level Annotations

Branches:
Dungeon (8/15)             Temple (1/1) D:2            Lair (2/6) D:8
 Spider (0/4) Lair:2
  Swamp: Lair:2-4    Shoals: Lair:2-4

Altars:
Ashenzari
Cheibriados
Dithmenos
Elyvilon
Gozag
Hepliaklqana
Kikubaaqudgha
Makhleb
Nemelex Xobeh
Okawaru
Qazlal
Ru
Sif Muna
Trog
Uskayaw
Vehumet
Xom
Yredelemnul
Zin
The Shining One

Portals:
Labyrinth: Lair:2

Annotations:
D:1 exclusion: 2 gnolls


Innate Abilities, Weirdness & Mutations

You are too large for most types of armour.
You have claws for hands.
Your metabolism is lightning-fast.
You like to eat raw meat.
You heal very quickly.
You are covered in fur. (AC +1)
You have very tough skin. (AC +2)


Message History

The gnoll hits you with a club.
The gnoll hits you with a flail of venom.
You are poisoned.
The gnoll hits you but does no damage. The gnoll hits you with a flail!
You completely miss the gnoll.
The gnoll is almost dead.
You feel sick. The gnoll hits you with a club!
You claw the gnoll!
You kill the gnoll!
Trog accepts your kill. The gnoll hits you with a whip.
The gnoll closely misses you.
You claw the gnoll!
The gnoll is heavily wounded.
You feel sick. The gnoll hits you with a club. The gnoll hits you with a whip.
* * * LOW HITPOINT WARNING * * *
You claw the gnoll!
You kill the gnoll!
Trog accepts your kill.
You can now call in reinforcements.
You closely miss the gnoll. The gnoll hits you with a club!
You die...

..##
...##
#...#
##...
#.(.#
##...##
##.g)g.##
#...@)..#
#.......#
##..∩..##
##...##
#####


You could see 2 gnolls.

Vanquished Creatures
  135 gnolls
  The ghost of AlphabetPasta the Ruffian, a weakling TrMo of Trog (D:5)
  The ghost of patheticliltramp the Ducker, a weakling SpBe of Trog (D:4)
  2 plants
139 creatures vanquished.

Notes
Turn   | Place    | Note
-------+----------+-------------------------------------------
     0 | D:1      | AlphabetPasta the Troll Monk began the quest for the Orb.
     0 | D:1      | Reached XP level 1. HP: 22/22 MP: 0/0
  1392 | D:2      | Found a staircase to the Ecumenical Temple.
  1400 | Temple   | Entered the Ecumenical Temple
  2436 | D:3      | Found a hide-covered altar of Uskayaw.
  2788 | D:4      | Found a burning altar of Makhleb.
  2873 | D:4      | Noticed patheticliltramp's ghost (weakling SpBe)
  2913 | D:5      | Entered Level 5 of the Dungeon
  3235 | D:4      | Killed patheticliltramp's ghost
  3620 | D:5      | Found a white marble altar of Elyvilon.
  3626 | D:5      | Found a bloodstained altar of Trog.
  3631 | D:5      | Became a worshipper of Trog the Wrathful
  3631 | D:5      | Reached * piety under Trog
  3631 | D:5      | Reached ** piety under Trog
  3640 | D:5      | Found a shimmering altar of Xom.
  3942 | D:5      | Noticed AlphabetPasta's ghost (weakling TrMo)
  4024 | D:6      | HP: 1/22 [gnoll/flail (11)]
  4514 | D:6      | Found a stormy altar of Qazlal.
  4909 | D:5      | Killed AlphabetPasta's ghost
  5285 | D:7      | Reached *** piety under Trog
  5485 | D:7      | Found a deep blue altar of Sif Muna.
  5796 | D:8      | Found a staircase to the Lair.
  5816 | Lair:1   | Entered Level 1 of the Lair of Beasts
  6565 | Lair:2   | Found a labyrinth entrance.
  6654 | Lair:2   | Found a frozen archway.
  6663 | IceCv    | Entered an ice cave
  6673 | IceCv    | Reached **** piety under Trog
  6674 | IceCv    | Slain by a gnoll

Vault maps used:
D:1:      dpeg_arrival_tiny_a, st_stairs_12
D:3:      lemuel_crystal_altar
D:4:      makhleb_heckhound_becter
D:5:      corexii_shack_village, minitemple, serial_curves, eino_curves_03,
          eino_curves_02, eino_curves_04, first_bread
D:6:      nicolae_overflow_crystal_walls
D:7:      led_sif_pool
D:8:      dpeg_oklobed_lair
Temple:   dshaligram_water_room_temple
Lair:1:   pond, lemuel_fruit_fields
Lair:2:   spider_nest_entry_rubble, portal_ice_cave_rime, lab_entry_generic,
          forest_entry_grove, grunt_megastairs_4
IceCv:    ice_cave_small_necro

Action                   || total
-------------------------++-------
Melee: Unarmed           ||   587
       Punch             ||     9
Throw: Javelin           ||    50
       Tomahawk          ||    15
Invok: Berserk           ||     9
       Burn Spellbooks   ||     2
  Use: Scroll            ||    20
       Potion            ||     2
 Stab: Sleeping          ||     3
  Eat: Chunk             ||     6
Armor: Robe              ||    73
Dodge: Dodged            ||   204
